 Dungeon Crawl Stone Soup version 0.29.0-4-gdea44cf6ec (webtiles) character file.

Game seed: 9035376616444494538

11 qw the Sneak (level 2, 0/19 HPs)
             Began as a Gargoyle Delver on Sept 10, 2022.
             Slain by a hound (1 damage)
             ... on level 4 of the Dungeon.
             The game lasted 00:00:02 (52 turns).

qw the Sneak (Gargoyle Delver)                        Turns: 52, Time: 00:00:02

Health: 0/19       AC:  5    Str: 15    XL:     2   Next: 25%
Magic:  2/2        EV: 11    Int: 10    God:
Gold:   13         SH:  0    Dex: 11    Spells: 1/1 levels left

rFire   . . .      SeeInvis .   a - +0 hand axe
rCold   . . .      Faith    .   (no shield)
rNeg    + . .      Spirit   .   b - +0 leather armour
rPois   inf        Reflect  .   (no helmet)
rElec   +          Harm     .   (no cloak)
rCorr   .          Rampage  .   (no gloves)
Will    .....                   (no boots)
Stlth   +++.......              (no amulet)
HPRegen 0.06/turn               (no ring)
MPRegen 0.08/turn               (no ring)

@: no status effects
A: sickness immunity, AC +2, negative energy resistance 1, electricity
resistance, torment resistance 1, petrification resistance
a: no special abilities


You were on level 4 of the Dungeon.
You visited 1 branch of the dungeon, and saw 2 of its levels.

You collected 13 gold pieces.


Innate Abilities, Weirdness & Mutations

You are immune to sickness and miasma.
Your stone body is resilient. (AC +2)
You are immune to poison.
You resist negative energy. (rN+)
You are resistant to electric shocks. (rElec)
You are resistant to unholy torment.
You are immune to petrification.


   Skills:
 - Level 3.2 Fighting
 + Level 2.6 Axes
 - Level 1.5 Dodging
 - Level 5.4 Stealth


You had one spell level left.
You didn't know any spells.
Your spell library was empty.

Inventory:

Hand Weapons
 a - a +0 hand axe (weapon)
Armour
 b - a +0 leather armour (worn)
Wands
 g - a wand of digging (3)
Potions
 f - a potion of haste

Dungeon Overview and Level Annotations

Branches:
Dungeon (5/15)
 Temple: D:4-7

Altars:

Annotations:
D:5 1 transporter, qw's ghost, weakling GrDe


Message History

The hound bites you but does no damage. x2
The adder bites you but does no damage. The orc hits you but does no damage.
You hit the orc.
You kill the orc!
You barely miss the hound. You barely miss the adder.
The hound barely misses you. The adder completely misses you.
Your Axes skill increases to level 2!
You hit the adder.
The adder is heavily wounded.
You barely miss the hound. The hound closely misses you. The adder bites you.
The hound barely misses you. The adder bites you but does no damage.
You hit the adder but do no damage.
The adder is heavily wounded.
You hit the hound. The hound bites you but does no damage.
The adder misses you. The hound barely misses you.
You hit the adder.
The adder is almost dead.
You closely miss the hound. The adder bites you but does no damage.
The hound closely misses you. The hound bites you but does no damage.
The adder closely misses you.
You barely miss the adder.
The adder is almost dead.
You hit the hound but do no damage. The hound misses you. The adder bites you.
The hound bites you.
You closely miss the adder.
The adder is almost dead.
You closely miss the hound. The adder bites you but does no damage.
The hound bites you but does no damage. The adder barely misses you.
You hit the adder.
You kill the adder!
You miss the hound. The hound barely misses you. The hound bites you.
You have reached level 2!
You completely miss the hound.
The hound is lightly wounded.
The hound closely misses you. The hound bites you.
You die...

#.# #.#
#.# #.#
#.#
#.######.
#)h......
#@# #%#
#.# #.#
#.# ...
.#. . .


You could see a hound.

Vanquished Creatures
  An adder (D:4)
  An orc (D:4)
2 creatures vanquished.

Vanquished Creatures (others)
  2 fungi (D:4)
2 creatures vanquished.

Grand Total: 4 creatures vanquished

Notes
Turn   | Place    | Note
-------+----------+-------------------------------------------
     0 | D:5      | qw the Gargoyle Delver began the quest for the Orb.
     0 | D:5      | Reached XP level 1. HP: 14/14 MP: 1/1
     0 | D:5      | 0 ||| qw: Version: 0.1-a-116-g5d60599
     0 | D:5      | 0 ||| qw: Game counter: 8783
     0 | D:5      | 0 ||| qw: Always use a shield: true
     0 | D:5      | 0 ||| qw: God list: Okawaru
     0 | D:5      | 0 ||| qw: Allow faded altars: false
     0 | D:5      | 0 ||| qw: Do Orc after D:15 true
     0 | D:5      | 0 ||| qw: Do second Lair branch before Depths: true
     0 | D:5      | 0 ||| qw: Lair rune preference: random
     0 | D:5      | 0 ||| qw: Plans: Normal
     0 | D:5      | 0 ||| PLANNING D:1-11
    21 | D:5      | Found a transporter.
    23 | D:5      | 23 ||| DROPPING scroll of fog.
    24 | D:5      | 24 ||| DROPPING scroll of magic mapping.
    25 | D:5      | 25 ||| DROPPING scroll of fear.
    27 | D:5      | Noticed qw's ghost (weakling GrDe)
    35 | D:4      | Noticed a hound
    49 | D:4      | HP: 3/14 [hound (5)]
    51 | D:4      | HP: 1/14 [hound (2)]
    52 | D:4      | Reached XP level 2. HP: 1/19 MP: 2/2
    52 | D:4      | Slain by a hound

Levels and vault maps discovered:
D:4:      layout_loops_ring, serial_aquarium, aquarium_bridge_square
          [aquarium_subvault_wall, aquarium_subvault_bridge,
          aquarium_subvault_bridge, aquarium_subvault_wall],
          aquarium_window_fake, aquarium_window_1, aquarium_view_2b,
          aquarium_pool_five, st_stairs_9, uniq_pikel
D:5:      layout_basic, gammafunk_ghost_stat_death, minmay_bent, uniq_sigmund

Skill      XL: |  1 |
---------------+----+-----
Axes           | 2 |  2.6
Fighting       | |  3.2
Dodging        | |  1.5
Stealth        | |  5.4

Action                   || total
-------------------------++-------
Melee: Hand axe          ||    13
Armor: Leather armour    ||    15
Dodge: Dodged            ||    16

Table legend:
 A = Non-vault XP
 B = Vault XP
 C = Vault XP percentage of total XP
 D = Non-vault monster count
 E = Vault monster count
 F = Vault count percentage of total count
                 A         B        C        D         E       F
            +---------+---------+-------+---------+---------+-------
      Total |      16 |       0 |   0.0 |       2 |       0 |   0.0
            +---------+---------+-------+---------+---------+-------
        D:4 |      16 |       0 |   0.0 |       2 |       0 |   0.0
            +---------+---------+-------+---------+---------+-------
